 Dungeon Crawl Stone Soup version 0.18-b1-10-g3f7de93 (webtiles) character file.

85 gjeerbe the Shield-Bearer (level 4, 0/40 HPs)
             Began as a Minotaur Fighter on Apr 29, 2016.
             Succumbed to an adder's poison
             ... on level 3 of the Dungeon.
             The game lasted 01:43:21 (2358 turns).

gjeerbe the Shield-Bearer (Minotaur Fighter)        Turns: 2358, Time: 01:43:22

Health: 0/40       AC:  9    Str: 26      XL:     4   Next: 25%
Magic:  3/3        EV:  6    Int:  2 (5)  God:
Gold:   194        SH: 10    Dex:  9 (10) Spells: 0 memorised, 3 levels left

rFire  + . .     SeeInvis .     a - +0 trident
rCold  + . .     Gourm    .     n - +0 chain mail
rNeg   . . .     Faith    .     c - +0 shield
rPois  +         Spirit   .     (helmet restricted)
rElec  +         Dismiss  .     (no cloak)
rCorr  +         Reflect  .     (no gloves)
SustAt .         Harm     .     (no boots)
MR     .....                    (no amulet)
Stlth  ..........               (no ring)
                                (no ring)

@: mighty, lethally poisoned (0 -> -3), resistant, not resistant to hostile
enchantments, extremely unstealthy
A: retaliatory headbutt, horns 2
a: no special abilities


You were on level 3 of the Dungeon.
You were full.

You visited 1 branch of the dungeon, and saw 3 of its levels.

You collected 194 gold pieces.

Inventory:

Hand Weapons
 a - a +0 trident (weapon)
Armour
 b - a +0 scale mail
 c - a +0 shield (worn)
 j - a +0 chain mail
 n - a +0 chain mail (worn)
Jewellery
 m - an uncursed amulet of magic regeneration
Scrolls
 e - a scroll of recharging
 h - 2 scrolls of remove curse
Comestibles
 f - 2 bread rations
 i - 2 meat rations
 k - a beef jerky


   Skills:
 + Level 3.9 Fighting
 + Level 3.0 Polearms
 * Level 4.4 Armour
 * Level 5.0 Shields


You had 3 spell levels left.
You didn't know any spells.

Dungeon Overview and Level Annotations

Branches:
Dungeon (3/15)

Altars:

Annotations:
D:3 mora's ghost, amateur GrFi


Innate Abilities, Weirdness & Mutations

You reflexively headbutt those who attack you in melee.
You have a pair of horns on your head.


Message History

Drink which item? (? for menu, Esc to quit)
You feel better. The adder bites you. You block the giant cockroach's attack.
Mora's ghost hits you. The adder bites you but does no damage.
Drink which item? (? for menu, Esc to quit)
You feel very mighty all of a sudden.
The giant cockroach bites you but does no damage.
You block the adder's attack. Mora's ghost hits you!
* * * LOW HITPOINT WARNING * * *
Drink which item? (? for menu, Esc to quit)
You feel protected. You block the giant cockroach's attack.
The adder bites you.
* * * LOW HITPOINT WARNING * * *
You are lethally poisoned!
The adder poisons you!
Mora's ghost whispers, "Death is liberation."
Mora's ghost barely misses you.
The giant cockroach bites you but does no damage.
You hit mora's ghost but do no damage. You headbutt mora's ghost!
Mora's ghost is almost destroyed.
You die...

...#.....#
........#
#.#.....#
.......##
#........
#.Z!..#
#SWs..#
#.@...#
#.....#
#.###...#
#.# #.#
#.# # #.#
.# ##.# .#
#<.# ..
#(## <.
#.#


You could see mora's ghost, an adder, a giant frog zombie and a giant cockroach.

Vanquished Creatures
  3 adders
  3 dart slugs
  3 giant geckos (D:1)
  4 bats
  3 giant cockroaches
  A goblin (D:3)
  7 hobgoblins
  3 jackals (D:2)
  3 ball pythons
  2 giant newts (D:1)
  12 kobolds
  5 rats
49 creatures vanquished.

Notes
Turn   | Place    | Note
--------------------------------------------------------------
     0 | D:1      | gjeerbe the Minotaur Fighter began the quest for the Orb.
     0 | D:1      | Reached XP level 1. HP: 19/19 MP: 0/0
   203 | D:1      | Reached XP level 2. HP: 27/27 MP: 1/1
   383 | D:1      | Reached skill level 4 in Shields
   909 | D:1      | Reached XP level 3. HP: 33/33 MP: 2/2
  1931 | D:2      | Reached XP level 4. HP: 31/40 MP: 3/3
  2220 | D:3      | Reached skill level 5 in Shields
  2335 | D:3      | Noticed mora's ghost (amateur GrFi)
  2357 | D:3      | HP: 1/40 [adder (3)]
  2358 | D:3      | Succumbed to an adder's poison

Skill      XL: |  1  2  3  4 |
---------------+-------------+-----
Shields        | 4 5 |  5.0
Armour         | 4 |  4.4
Polearms       | 3 |  3.0
Fighting       | |  3.9

Action                   |  1- 3 |  4- 6 || total
-------------------------+-------+-------++-------
Melee: Trident           |    98 |    35 ||   133
       Headbutt          |    15 |    11 ||    26
  Use: Potion            |     5 |     4 ||     9
       Scroll            |     4 |     1 ||     5
  Eat: Bread ration      |     2 |       ||     2
Armor: Scale mail        |    32 |       ||    32
       Chain mail        |    41 |    30 ||    71
Dodge: Dodged            |    37 |     9 ||    46
Block: Shield            |    68 |    26 ||    94
